 Dungeon Crawl Stone Soup version 0.27-a0-1248-g57ac2eb73c (webtiles) character file.

Game seed: 5459254891660682547

51 Kinoniko the Chopper (level 3, 0/31 HPs)
             Began as a Hill Orc Monk on June 10, 2021.
             Slain by Robin
             ... wielding a +0 dagger
              (4 damage)
             ... on level 2 of the Dungeon.
             The game lasted 00:01:11 (987 turns).

Kinoniko the Chopper (Hill Orc Monk)                 Turns: 987, Time: 00:01:12

Health: 0/31       AC:  5    Str: 14    XL:     3   Next: 83%
Magic:  3/3        EV: 11    Int: 10    God:
Gold:   23         SH:  0    Dex: 13    Spells: 2/2 levels left

rFire    . . .     SeeInvis .   a - +0 hand axe
rCold    . . .     Faith    .   (no shield)
rNeg     . . .     Spirit   .   e - +0 ring mail
rPois    .         Reflect  .   (no helmet)
rElec    .         Harm     .   (no cloak)
rCorr    .         Rampage  .   (no gloves)
Will     +....                  (no boots)
Stlth    +.........             (no amulet)
HPRegen  0.10/turn              d - ring of willpower
MPRegen  0.08/turn              (no ring)

@: no status effects
A: no striking features
a: no special abilities


You were on level 2 of the Dungeon.
You visited 1 branch of the dungeon, and saw 2 of its levels.

You collected 23 gold pieces.

Inventory:

Hand Weapons
 a - a +0 hand axe (weapon)
Armour
 e - a +0 ring mail (worn)
Jewellery
 d - a ring of willpower (left hand)
Scrolls
 c - a scroll of identify {unknown}
 f - a scroll of teleportation {unknown}
 g - a scroll of holy word {unknown}
Potions
 b - 2 potions of heal wounds {unknown}
 h - 2 potions of flight {unknown}


   Skills:
 - Level 3.6 Fighting
 * Level 6.2 Axes
 - Level 2.4 Dodging
 - Level 1.5 Stealth


You had 2 spell levels left.
You didn't know any spells.
Your spell library was empty.

Dungeon Overview and Level Annotations

Branches:
Dungeon (2/15)

Altars:

Annotations:
D:2 Robin


Message History

You hit the rat.
The rat is heavily wounded.
The rat misses you.
Unknown command.
You hit the rat but do no damage.
The rat is heavily wounded.
The rat barely misses you.
You hit the rat.
You kill the rat!
You hit the goblin.
You kill the goblin!
You hit the hobgoblin.
The hobgoblin is lightly wounded.
The hobgoblin barely misses you.
Robin says, "Kneel, worm!"
You hit the hobgoblin.
The hobgoblin is heavily wounded.
The hobgoblin closely misses you.
You hit the hobgoblin.
You kill the hobgoblin!
You barely miss Robin.
The hobgoblin hits you but does no damage.
Robin barely misses you.
Items here: ))))) ††††.
You hit the hobgoblin but do no damage. You barely miss Robin.
The hobgoblin hits you.
* * * LOW HITPOINT WARNING * * *
Robin hits you but does no damage.
You closely miss the hobgoblin. You hit Robin. The hobgoblin barely misses you.
Robin hits you with a +0 dagger.
* * * LOW HITPOINT WARNING * * *
You slash the hobgoblin!
You kill the hobgoblin!
Your ring mail prevents you from hitting Robin.
Robin barely misses you.
You hit Robin.
Robin is severely wounded.
Robin laughs in a distinctly smug fashion.
Robin hits you with a +0 dagger.
You die...

.##..........#.#
#...........>.#
#.............#
#[......g.g...#
######.g..........#
....###g..#..g....#
#^..##.####.....#
#.g#.####.....#
#.@..........#
######.......#
#.....# .....#
.....#


You could see Robin.

Vanquished Creatures
  3 ball pythons (D:1)
  A bat (D:1)
  4 endoplasms (D:1)
  A giant cockroach (D:1)
  9 goblins
  6 hobgoblins
  8 jackals (D:1)
  A quokka (D:1)
  3 frilled lizards (D:1)
  2 kobolds (D:1)
  3 rats
41 creatures vanquished.

Notes
Turn   | Place    | Note
-------+----------+-------------------------------------------
     0 | D:1      | Kinoniko the Hill Orc Monk began the quest for the Orb.
     0 | D:1      | Reached XP level 1. HP: 19/19 MP: 1/1
   117 | D:1      | Reached XP level 2. HP: 23/26 MP: 2/2
   241 | D:1      | Reached skill level 5 in Axes
   492 | D:1      | Reached XP level 3. HP: 31/31 MP: 3/3
   939 | D:2      | Noticed Robin
   968 | D:2      | Reached skill level 6 in Axes
   987 | D:2      | Slain by Robin

Illustrated notes

Levels and vault maps discovered:
D:1:      dpeg_arrival_short_road, layout_loops_ring
D:2:      layout_rooms, dilly_ecumenical_altar_fadedgnrine, uniq_robin

Skill      XL: |  1  2  3 |
---------------+----------+-----
Axes           | 5 6 |  6.2
Fighting       | |  3.6
Dodging        | |  2.4
Stealth        | |  1.5

Action                   || total
-------------------------++-------
Melee: Hand axe          ||   125
Armor: Ring mail         ||    49
       Robe              ||     3
Dodge: Dodged            ||    95

Table legend: (Time is in decaauts)
 A = Elapsed time spent in this place.
 B = Non-inter-level travel time spent in this place.
 C = Inter-level travel time spent in this place.
 D = Time resting spent in this place.
 E = Time spent auto-exploring this place.
 F = Levels seen in this place.
 G = Mean time per level.
                   A        B        C        D        E       F      G
               +--------+--------+--------+--------+--------+-----+--------+
         Total |    990 |    980 |     10 |      0 |    747 |   2 |  495.0 |
       Dungeon |    990 |    980 |     10 |      0 |    747 |   2 |  495.0 |
               +--------+--------+--------+--------+--------+-----+--------+

Top non-repeatable levels by time:
     D:1: 941 daAuts
     D:2: 48 daAuts
